 Dungeon Sprint DCSS version 0.24.0-13-gcf9b319 (webtiles) character file.

Game seed: 3200118139518821535, levelgen mode: deterministic

114 EndlessMike the Poker (level 4, -4/54 HPs)
             Began as a Centaur Warper on Apr 7, 2020.
             Slain by Sigmund
             ... wielding a +0 scythe
              (10 damage)
             ... in the Dungeon (Sprint I: "Red Sonja").
             The game lasted 00:01:37 (112 turns).

EndlessMike the Poker (Centaur Warper)               Turns: 112, Time: 00:01:38

Health: -4/54      AC:  4    Str: 18    XL:     4   Next: 66%
Magic:  6/10       EV:  9    Int: 13    God:
Gold:   54         SH:  0    Dex:  9    Spells: 7/11 levels left

rFire    . . .     SeeInvis .   a - +0 spear
rCold    . . .     Gourm    .   (no shield)
rNeg     . . .     Faith    .   b - +0 leather armour
rPois    .         Spirit   .   (no helmet)
rElec    .         Reflect  .   (no cloak)
rCorr    .         Harm     .   (no gloves)
MR       .....     NoTele   +   (no barding)
Stlth    ..........             (no amulet)
HPRegen  0.18/turn              (no ring)
MPRegen  0.12/turn              (no ring)

@: berserking, very slightly contaminated, very quick
A: large, hooves 3, deformed body, speed 2, tough skin 3
a: no special abilities


You were in the Dungeon.
You were not hungry.

You visited 1 branch You collected 54 gold pieces.

Inventory:

Hand Weapons
 a - a +0 spear (weapon)
Armour
 b - a +0 leather armour (worn)
Scrolls
 d - 2 scrolls of blinking
Potions
 i - a potion of haste
 j - 2 potions of magic
Comestibles
 f - a ration


   Skills:
 - Level 2.0 Fighting
 * Level 7.2 Polearms
 - Level 1.1 Throwing
 - Level 0.6 Armour
 - Level 1.3 Dodging
 + Level 4.3 Spellcasting
 - Level 2.6 Translocations


You had 7 spell levels left.
You knew the following spells:

 Your Spells              Type           Power        Failure   Level  Hunger
b - Blink                 Tloc           N/A          12%         2    ##.....
u - Shroud of Golubria    Chrm/Tloc      #.....       21%         2    ##.....

Your spell library contained the following spells:

 Spells                   Type           Power        Failure   Level  Hunger
 Gell's Gravitas          Tloc           #.........   24%         3    ###....
 Lesser Beckoning         Tloc           #.........   24%         3    ###....
 Teleport Other           Tloc           #.......     24%         3    ###....
 Passage of Golubria      Tloc           N/A          61%         4    ####...


Dungeon Overview and Level Annotations

Branches:
Dungeon (1/1)

Altars:

Annotations:
D Sigmund


Innate Abilities, Weirdness & Mutations

You have hooves in place of feet.
Armour fits poorly on your strangely shaped body.
You cover ground very quickly.
You have extremely tough skin. (AC +3)


Message History

You reach to attack!
You closely miss Sigmund.
Sigmund is moderately wounded.
Your shroud unravels.
Attack whom?
Press: ? - help, Dir - move target cursor, f/p - Sigmund
Aim: Sigmund, wielding a +0 scythe and wearing a +0 robe (moderately wounded)
You reach to attack!
You closely miss Sigmund.
Sigmund is moderately wounded.
Sigmund hits you from afar with a +0 scythe.
There is an open door here.
You hit Sigmund.
Sigmund is heavily wounded.
Sigmund hits you with a +0 scythe!
* * * LOW HITPOINT WARNING * * *
A red film seems to cover your vision as you go berserk!
You feel yourself moving faster!
You feel mighty!
You puncture Sigmund!
Sigmund is severely wounded.
Sigmund hits you with a +0 scythe!
You die...

#############
#<.#..'..#..+
#..)..#..@@.#
#..#####'####
#..# #..#
#..# ####
#).# #⌠⌠#
####


You could see Sigmund.

Vanquished Creatures
  An ogre (D)
  Ijyb (D)
2 creatures vanquished.

Notes
Turn   | Place    | Note
-------+----------+-------------------------------------------
     0 | D        | EndlessMike the Centaur Warper began the quest for the Orb.
     0 | D        | Reached XP level 1. HP: 17/17 MP: 3/3
     1 | D        | Noticed Ijyb
     8 | D        | Killed Ijyb
     8 | D        | Reached skill level 4 in Polearms
     8 | D        | Reached XP level 2. HP: 20/24 MP: 3/5
    37 | D        | Learned a level 2 spell: Blink
    40 | D        | Learned a level 2 spell: Shroud of Golubria
    43 | D        | Noticed an ogre
    64 | D        | Killed an ogre
    64 | D        | Reached skill level 7 in Polearms
    64 | D        | Reached XP level 3. HP: 28/29 MP: 5/8
    64 | D        | Reached XP level 4. HP: 35/36 MP: 6/10
    89 | D        | Noticed Sigmund
   112 | D        | Slain by Sigmund

Levels and vault maps discovered:
D:        dungeon_sprint_1 [red_sonja_temple_1, red_sonja_temple_small_1]

Skill      XL: |  1  2 |
---------------+-------+-----
Polearms       | 4 7 |  7.2
Spellcasting   | 2 4 |  4.3
Fighting       | |  2.0
Throwing       | |  1.1
Armour         | |  0.6
Dodging        | |  1.3
Translocations | |  2.6

Action                   |  1- 3 |  4- 6 || total
-------------------------+-------+-------++-------
Melee: Spear             |    15 |    15 ||    30
       Kick              |     3 |       ||     3
Throw: Boomerang         |     5 |       ||     5
 Cast: Shroud of Golubri |     1 |     1 ||     2
  Use: Potion            |     1 |     2 ||     3
Armor: Leather armour    |     1 |       ||     1
Dodge: Dodged            |     5 |     4 ||     9
